 Dungeon Crawl Stone Soup version 0.29-a0-477-g62b78b4225 (webtiles) character file.

Game seed: 11706664729014527010

295 spaghetti the Ruffian (level 6, 13/63 HPs)
             Began as an Ogre Gladiator on May 24, 2022.
             Quit the game on level 4 of the Dungeon.
             The game lasted 00:03:50 (3448 turns).

spaghetti the Ruffian (Ogre Gladiator)              Turns: 3448, Time: 00:03:50

Health: 13/63      AC:  3    Str: 21    XL:     6   Next: 34%
Magic:  6/6        EV: 10    Int:  9    God:
Gold:   178        SH:  0    Dex: 10    Spells: 5/5 levels left

rFire   + . .      SeeInvis .     - Unarmed
rCold   + . .      Faith    .   (no shield)
rNeg    . . .      Spirit   .   a - +0 robe
rPois   +          Reflect  .   b - +0 hat
rElec   +          Harm     .   (no cloak)
rCorr   +          Rampage  .   (gloves unavailable)
Will    .....                   (boots unavailable)
Stlth   +.........              (no amulet)
HPRegen 0.20/turn               (no ring)
MPRegen 0.10/turn               (no ring)

@: brilliant, resistant, attractive, flying
A: large, unfitting armour, tough skin 1
a: no special abilities


You were on level 4 of the Dungeon.
You visited 1 branch of the dungeon, and saw 4 of its levels.

You collected 178 gold pieces.


Innate Abilities, Weirdness & Mutations

You are too large for most types of armour.
You have tough skin. (AC +1)


   Skills:
 + Level 4.4 Fighting
 + Level 3.3 Throwing
 + Level 3.6 Dodging
 * Level 4.4 Unarmed Combat


You had 5 spell levels left.
You didn't know any spells.
Your spell library contained the following spells:

 Spells                   Type           Power      Damage    Failure   Level
 Apportation              Tloc           0%         N/A       38%         1
 Gell's Gravitas          Tloc           0%         N/A       77%         3
 Lesser Beckoning         Tloc           0%         N/A       77%         3
 Teleport Other           Tloc           0%         N/A       77%         3
 Alistair's Intoxication  Tmut/Pois      0%         N/A       100%        5

Inventory:

Hand Weapons
 e - a +0 dagger {short}
   (You took it off a goblin on level 1 of the Dungeon)
Missiles
 c - 3 throwing nets {=f!fthrowing}
 d - a large rock {=fthrowing}
 f - 131 stones (quivered) {throwing}
 j - 5 poisoned darts {throwing}
Armour
 a - a +0 robe (worn)
 b - a +0 hat (worn)
Magical Staves
 m - a staff of fire {!astaff}
   (You found it on level 2 of the Dungeon)
 r - a staff of cold {!astaff}
   (You found it on level 2 of the Dungeon)
Scrolls
 g - a scroll of identify {@r1}
 l - 2 scrolls of noise {!r}
Potions
 h - 2 potions of curing {@q1}

Dungeon Overview and Level Annotations

Branches:
Dungeon (4/15)
 Temple: D:4-7

Altars:
Fedhas
Qazlal

Annotations:
D:3 1 exclusion

##+#.#.#
##.....<#.#.#.#####
.......#.#........
#######........#.......(
.............##.........
.........######.#.#.#...
.........#####.o........
...............o#o#.#...
...............o@oo.....
..............SS#o#.#...
.........<....#..S......
..............#.........
......#.....>..+(.......
.............###........
.............# #........
............. #.###....


You could see an orc priest, an orc wizard, an adder, 5 orcs and 2 ball pythons.


Message History

You barely miss the orc.
The orc hits you but does no damage. 2 orcs come into view.
The orc shouts! x2
The orc barely misses you. The orc hits you with a +0 short sword.
The orc hits you with a +0 hand axe.
An orc wizard comes into view.
It is wielding a +1 dagger of speed. 😕 HP[-3]
You take 3 damage, and now have 48/63 hp.
You barely miss the orc.
A ball python comes into view.
The orc misses you. The orc hits you with a +0 short sword.
The orc hits you but does no damage.
An orc priest comes into view. It is wielding a +0 whip. 😮 HP[-5]
You take 5 damage, and now have 43/63 hp.
You barely miss the orc.
The ball python hisses angrily.
The orc misses you. The orc closely misses you. The orc barely misses you.
You barely miss the orc.
The orc wizard shouts!
The orc closely misses you. The orc barely misses you.
The orc closely misses you.
It was a potion of resistance.
You feel protected. The orc closely misses you. The orc barely misses you.
The orc hits you with a +0 short sword. 😮 HP[-2]
You take 2 damage, and now have 41/63 hp.
It was a potion of heal wounds.
You feel much better. The orc hits you with a +0 trident!
The orc hits you with a +0 short sword. The orc closely misses you.
The orc priest mumbles some strange prayers to Beogh against you.
Beogh smites you! 😮 HP[-4]
You take 4 damage, and now have 37/63 hp.
It was a potion of attraction.
You feel attractive to monsters. The orc hits you with a +0 trident.
The orc hits you with a +0 short sword. The orc hits you with a +0 club.
* * * LOW HITPOINT WARNING * * *
The orc priest is attracted toward you.
The orc wizard is attracted toward you. 😨 HP[-6]
You take 6 damage, and now have 31/63 hp.
You feel much better. The ball python closely misses you.
The orc hits you with a +0 trident! The orc hits you with a +0 short sword.
The orc hits you with a +0 hand axe. 😮 HP[+9]
You regained 9 hp, and now have 40/63 hp.
It was a potion of flight.
You feel very buoyant.
You fly up into the air.
The ball python completely misses you. The orc hits you with a +0 trident.
The orc barely misses you. The orc hits you with a +0 mace.
The orc hits you with a +0 hand axe. 😮 HP[-4]
You take 4 damage, and now have 36/63 hp.
It was a potion of brilliance.
You feel clever all of a sudden. The ball python closely misses you.
The orc hits you with a +0 trident!
* * * LOW HITPOINT WARNING * * *
The orc hits you with a +0 short sword.
* * * LOW HITPOINT WARNING * * *
The orc barely misses you. The orc hits you with a +0 hand axe.
* * * LOW HITPOINT WARNING * * *
😨 HP[-13]
You take 13 damage, and now have 23/63 hp.
MASSIVE DAMAGE!! (PAUSE) Unknown command.
Unknown command.
You feel better. The ball python misses you.
The orc hits you with a +0 trident.
* * * LOW HITPOINT WARNING * * *
The ball python bites you but does no damage.
The orc hits you with a +0 short sword.
* * * LOW HITPOINT WARNING * * *
The orc wizard closely misses you. The orc hits you but does no damage.
The orc hits you with a +0 hand axe.
* * * LOW HITPOINT WARNING * * *
😨 HP[+1] Unknown command.
Unknown command.
You closely miss the orc wizard. The orc wizard closely misses you.
The ball python bites you.
* * * LOW HITPOINT WARNING * * *
😨 HP[-2]
You take 2 damage, and now have 22/63 hp.
You hit the orc wizard but do no damage.
The orc barely misses you. The orc hits you but does no damage.
The orc barely misses you. The orc hits you with a +0 mace.
* * * LOW HITPOINT WARNING * * *
The orc wizard hits you with a +1 dagger of speed.
* * * LOW HITPOINT WARNING * * *
The ball python closely misses you.
The orc wizard hits you with a +1 dagger of speed.
* * * LOW HITPOINT WARNING * * *
😱 HP[-9]
You take 9 damage, and now have 13/63 hp.
Okay, then.
You aren't carrying any items that you can evoke.
Okay, then.
Are you sure you want to abandon this character and quit the game? (Confirm with "yes".)

Skill      XL: |  1  2  3  4 |
---------------+-------------+-----
Fighting       | 3 4 |  4.4
Unarmed Combat | 3 4 |  4.4
Dodging        | 3 |  3.6
Throwing       | 3 |  3.3

Action                   |  1- 3 |  4- 6 || total
-------------------------+-------+-------++-------
Melee: Unarmed           |   136 |   135 ||   271
       Punch             |     2 |     7 ||     9
  Use: Potion            |       |     9 ||     9
       Scroll            |       |     5 ||     5
Armor: Robe              |    38 |    26 ||    64
Dodge: Dodged            |    90 |    99 ||   189

Levels and vault maps discovered:
D:1:      scummos_arrival_forest, layout_basic,
          hellmonk_ecumenical_altar_dog_temple, st_stairs_4, minmay_pentomino_o4
D:2:      layout_loops_cross, basic_altar, uniq_sigmund
D:3:      layout_rooms, mainiacjoe_overflow_concentric_impassable,
          hangedman_abyss_or_decor_lesser_grid
D:4:      layout_basic, serial_glass, glass_columns_b, glass_columns_b,
          enter_ossuary_5

Notes
Turn   | Place    | Note
-------+----------+-------------------------------------------
     0 | D:1      | spaghetti the Ogre Gladiator began the quest for the Orb.
     0 | D:1      | Reached XP level 1. HP: 22/22 MP: 1/1
     0 | D:1      | magus.rc [v1.9.6]
   186 | D:1      | Reached XP level 2. HP: 29/29 MP: 2/2
   308 | D:1      | Found a faded altar of an unknown god.
   333 | D:1      | Reached skill level 3 in Fighting
   333 | D:1      | Reached skill level 3 in Unarmed Combat
   454 | D:1      | You pick up a book of Party Tricks and begin reading...
   454 | D:1      | You add the spells Apportation and Alistair's Intoxication
                  | to your library.
   530 | D:1      | Reached XP level 3. HP: 18/37 MP: 3/3
  1063 | D:2      | Reached skill level 3 in Dodging
  1475 | D:2      | Reached XP level 4. HP: 25/45 MP: 4/4
  1709 | D:2      | Noticed Sigmund
  1717 | D:2      | Found a stormy altar of Qazlal.
  1721 | D:2      | Killed Sigmund
  1722 | D:2      | Reached skill level 4 in Fighting
  1722 | D:2      | Reached skill level 3 in Throwing
  1722 | D:2      | Reached skill level 4 in Unarmed Combat
  1722 | D:2      | Reached XP level 5. HP: 26/54 MP: 5/5
  1722 | D:2      | Reached XP level 6. HP: 30/62 MP: 6/6
  2119 | D:2      | HP: 14/62 [hobgoblin (2)]
  2397 | D:3      | HP: 13/62 [gnoll/+0 spear (3)]
  2712 | D:3      | Found a blossoming altar of Fedhas.
  3395 | D:4      | You pick up a book of Displacement and begin reading...
  3395 | D:4      | You add the spells Lesser Beckoning, Gell's Gravitas and
                  | Teleport Other to your library.
  3447 | D:4      | HP: 14/63 [orc wizard/+1 dagger of speed (4)]
  3448 | D:4      | Quit the game

Vanquished Creatures
  Sigmund (D:2)
  3 gnolls
  2 adders (D:2)
  A shadow imp (D:4)
  3 worms
  5 dart slugs
  An orc (D:3)
  5 endoplasms
  A giant cockroach (D:1)
  3 goblins
  10 hobgoblins
  6 jackals
  7 kobolds
  A quokka (D:2)
  6 ball pythons
  3 bats
  2 frilled lizards
  A rat (D:3)
61 creatures vanquished.

Table legend:
 A = Non-vault XP
 B = Vault XP
 C = Vault XP percentage of total XP
 D = Non-vault monster count
 E = Vault monster count
 F = Vault count percentage of total count
                 A         B        C        D         E       F
            +---------+---------+-------+---------+---------+-------
      Total |     176 |     246 |  58.3 |      50 |      11 |  18.0
            +---------+---------+-------+---------+---------+-------
        D:1 |      25 |      20 |  44.4 |      13 |      10 |  43.5
        D:2 |      75 |     226 |  75.1 |      17 |       1 |   5.6
        D:3 |      62 |       0 |   0.0 |      17 |       0 |   0.0
        D:4 |      14 |       0 |   0.0 |       3 |       0 |   0.0
            +---------+---------+-------+---------+---------+-------

Illustrated notes

Table legend:
 A = Kills in this place as a percentage of kills in entire the game.
 B = Kills by you in this place as a percentage of kills by you in the entire game.
 C = Kills by friends in this place as a percentage of kills by friends in the entire game.
 D = Other kills in this place as a percentage of other kills in the entire game.
 E = Experience gained in this place as a percentage of experience gained in the entire game.
 F = Experience gained in this place divided by the number of levels of this place that you have seen.
                   A       B       C       D       E      F
               +-------+-------+-------+-------+-------+----------------------
         Total | 100.0 | 100.0 |   N/A |   N/A | 100.0 | 105.5
       Dungeon | 100.0 | 100.0 |   N/A |   N/A | 100.0 | 105.5
               +-------+-------+-------+-------+-------+----------------------

Table legend: (Time is in decaauts)
 A = Elapsed time spent in this place.
 B = Non-inter-level travel time spent in this place.
 C = Inter-level travel time spent in this place.
 D = Time resting spent in this place.
 E = Time spent auto-exploring this place.
 F = Levels seen in this place.
 G = Mean time per level.
                   A        B        C        D        E       F      G
               +--------+--------+--------+--------+--------+-----+--------+
         Total |   3431 |   3380 |     51 |    412 |   2489 |   4 |  857.8 |
       Dungeon |   3431 |   3380 |     51 |    412 |   2489 |   4 |  857.8 |
               +--------+--------+--------+--------+--------+-----+--------+

Top non-repeatable levels by time:
     D:2: 1390 daAuts
     D:3: 1004 daAuts
     D:1: 962 daAuts
     D:4: 74 daAuts
